 Dungeon Crawl Stone Soup version 0.22-a0-292-g0df9d5f (webtiles) character file.

21 Gildeon the Conjurer (level 2, -6/20 HPs)
             Began as a Demigod Conjurer on Mar 23, 2018.
             Mangled by a hobgoblin
             ... wielding a +0 club
              (7 damage)
             ... on level 2 of the Dungeon.
             The game lasted 00:08:48 (1066 turns).

Gildeon the Conjurer (Demigod Conjurer)             Turns: 1066, Time: 00:08:48

Health: -6/20      AC:  2    Str: 11    XL:     2   Next: 48%
Magic:  0/8        EV: 12    Int: 19    God:
Gold:   17         SH:  0    Dex: 16    Spells: 3/6 levels left

rFire    . . .     SeeInvis .   e - -2 club (curse)
rCold    . . .     Gourm    .   (no shield)
rNeg     . . .     Faith    .   h - +0 robe (curse)
rPois    .         Spirit   .   (no helmet)
rElec    .         Reflect  .   (no cloak)
rCorr    .         Harm     .   i - +0 pair of gloves
MR       .....                  (no boots)
Stlth    +++.......             (no amulet)
HPRegen  0.06/turn              (no ring)
MPRegen  0.11/turn              (no ring)

@: very slightly contaminated
A: camouflage 1, deformed body, high mp 1
a: no special abilities


You were on level 2 of the Dungeon.
You were hungry.

You visited 1 branch of the dungeon, and saw 3 of its levels.

You collected 17 gold pieces.

Inventory:

Hand Weapons
 e - a cursed -2 club (weapon)
 j - a +0 club
Armour
 h - a cursed +0 robe (worn)
 i - a +0 pair of gloves (worn)
Scrolls
 g - a scroll of enchant weapon
Potions
 a - 2 potions of heal wounds
 b - a potion of might {unknown}
 f - a potion of degeneration {unknown}
Comestibles
 c - 4 rations


   Skills:
 - Level 1.7 Dodging
 - Level 1.7 Stealth
 + Level 2.8 Spellcasting
 - Level 3.6 Conjurations


You had 3 spell levels left.
You knew the following spells:

 Your Spells              Type           Power        Failure   Level  Hunger
a - Magic Dart            Conj           ###.         3%          1    None
b - Searing Ray           Conj           ###...       5%          2    ##.....


Dungeon Overview and Level Annotations

Branches:
Dungeon (3/15)


Innate Abilities, Weirdness & Mutations

You have an increased reservoir of magic. (+10% MP)
Your skin changes colour to match your surroundings (Stealth+).
Armour fits poorly on your strangely shaped body.


Message History

* * * LOW HITPOINT WARNING * * *
The hobgoblin completely misses you.
The hobgoblin hits you but does no damage.
The kobold hits you with a whip.
* * * LOW HITPOINT WARNING * * *
Casting: Magic Dart (safe; 3% risk of failure)
Confirm with . or Enter, or press ? or * to list all spells.
Aiming: Magic Dart (safe; 3% risk of failure)
Press: ? - help, Shift-Dir - straight line, f/p - kobold
Aim: a kobold, wielding a whip The magic dart hits the kobold.
You kill the kobold!
The hobgoblin hits you with a club.
* * * LOW HITPOINT WARNING * * *
The hobgoblin hits you with a club.
* * * LOW HITPOINT WARNING * * *
You closely miss the hobgoblin.
The hobgoblin is heavily wounded.
The hobgoblin barely misses you. The hobgoblin hits you with a club!
You die...

****,##.########.# #.# ##.###..#
*,,,,*#.* #.# #.# #...##...
*,****#,* #.###.####.#.#...# *,*
*,* #................. *,* *,*
#.###....#........ *,* *,* #.#
####.#........ *,* *,* #.#
#.#........ *,* *,*
#)######.#........ ,,* *,*
#@.....#.#.#...... ***
*,*******#gg....#.#.##.....
*,,,,,,,,....†........#...#
**************##...........,*#.##
,,,,,,,,* ##.......,,,,,,,**
*******,******* *##.)...,,,,,,,,,
*,,,,,,*,,,,,,* *.....,,,,,****
*,*****,*****,* *.....,,,,,* *
*,* *,* *,* *,,,,,,,,,,* *


You could see 2 hobgoblins.

Vanquished Creatures
  A worm (D:2)
  A leopard gecko (D:2)
  2 giant cockroaches
  4 goblins
  A hobgoblin (D:1)
  2 frilled lizards
  3 kobolds
  3 rats (D:1)
17 creatures vanquished.

Notes
Turn   | Place    | Note
-------+----------+-------------------------------------------
     0 | D:1      | Gildeon the Demigod Conjurer began the quest for the Orb.
     0 | D:1      | Reached XP level 1. HP: 14/14 MP: 5/5
   762 | D:1      | Gained mutation: Armour fits poorly on your strangely shaped body. [potion of mutation]
   762 | D:1      | Gained mutation: Your skin changes colour to match your surroundings (Stealth+). [potion of mutation]
   975 | D:2      | Reached XP level 2. HP: 20/20 MP: 6/8
   979 | D:2      | Learned a level 2 spell: Searing Ray
  1065 | D:2      | HP: 1/20 [hobgoblin/club (1)]
  1066 | D:2      | Mangled by a hobgoblin

Vault maps used:
D:1:      dpeg_arrival_water_fire
D:2:      first_ration
D:3:      lightli_temple_of_fire

Skill      XL: |  1 |
---------------+----+-----
Spellcasting   | 2 |  2.8
Dodging        | |  1.7
Stealth        | |  1.7
Conjurations   | |  3.6

Action                   || total
-------------------------++-------
Melee: Club              ||    13
       Unarmed           ||     1
 Cast: Magic Dart        ||    28
  Use: Scroll            ||     6
       Potion            ||     1
 Stab: Sleeping          ||     1
Armor: Robe              ||     1
Dodge: Dodged            ||    17

Table legend:
 A = Spawn XP
 B = Non-spawn XP
 C = Spawn XP percentage of total XP
 D = Spawn monster count
 E = Non-spawn monster count
 F = Spawn count percentage of total count
 G = Total turns spent on level
                    A         B        C        D         E        F      G
               +---------+---------+-------+---------+---------+-------+---------
         Total |       0 |      31 |   0.0 |       0 |      17 |   0.0 |  1066
               +---------+---------+-------+---------+---------+-------+---------
           D:1 |       0 |      14 |   0.0 |       0 |      10 |   0.0 |   968
           D:2 |       0 |      17 |   0.0 |       0 |       7 |   0.0 |    96
               +---------+---------+-------+---------+---------+-------+---------
